 Dungeon Crawl Stone Soup version 0.22.1-2-g9c5b331383 (webtiles) character file.

1702 McIrco the Shield-Bearer (level 8, -8/61 HPs)
             Began as a Demonspawn Fighter on Jan 6, 2019.
             Was a Follower of Makhleb.
             Mangled by an orc warrior
             ... wielding a +0 trident
              (14 damage)
             ... on level 6 of the Dungeon.
             The game lasted 00:11:06 (5779 turns).

McIrco the Shield-Bearer (Demonspawn Fighter)       Turns: 5779, Time: 00:11:06

Health: -8/61      AC: 10    Str: 17    XL:     8   Next: 73%
Magic:  8/8        EV: 13    Int:  9    God:    Makhleb [*.....]
Gold:   71         SH: 10    Dex: 15    Spells: 7/7 levels left

rFire    . . .     SeeInvis .   a - +0 long sword
rCold    . . .     Gourm    .   c - +0 shield
rNeg     . . .     Faith    .   b - +0 scale mail
rPois    .         Spirit   .   (helmet restricted)
rElec    .         Reflect  .   q - +0 cloak
rCorr    .         Harm     .   k - +0 pair of gloves
MR       .....                  (no boots)
Stlth    ..........             (no amulet)
HPRegen  0.20/turn              r - ring of flight
MPRegen  0.11/turn              u - +3 ring of evasion

@: no status effects
A: antennae 2, claws 2, talons 1, powered by death 1
a: Renounce Religion, Evoke Flight


You were on level 6 of the Dungeon.
You worshipped Makhleb.
Makhleb was aware of your devotion.
You were very hungry.

You visited 2 branches of the dungeon, and saw 7 of its levels.

You collected 225 gold pieces.
You spent 154 gold pieces at shops.

Inventory:

Hand Weapons
 a - a +0 long sword (weapon)
Armour
 b - a +0 scale mail (worn)
 c - a +0 shield (worn)
 j - a scarf of cloud immunity
 k - a +0 pair of gloves (worn)
 q - a +0 cloak (worn)
Jewellery
 r - a ring of flight (left hand)
 u - a +3 ring of evasion (right hand)
Wands
 v - a wand of acid (7)
Scrolls
 e - 6 scrolls of identify
 i - 2 scrolls of blinking
 m - 2 scrolls of remove curse
 o - a scroll of fog
Potions
 d - a potion of might
 g - 7 potions of curing
 h - a potion of ambrosia {unknown}
 l - 3 potions of lignification {unknown}
 n - a potion of heal wounds {unknown}
 p - 2 potions of mutation
 s - a potion of haste {unknown}
Comestibles
 f - 10 rations


   Skills:
 + Level 4.5 Fighting
 + Level 5.1 Long Blades
 * Level 5.7 Armour
 * Level 3.6 Dodging
 * Level 6.1 Shields


You had 7 spell levels left.
You didn't know any spells.
Your spell library contained the following spells:

 Spells                   Type           Power        Failure   Level  Hunger
 Animate Skeleton         Necr           N/A          98%         1    ##.....
 Apportation              Tloc           #.....       98%         1    ##.....
 Confusing Touch          Hex            #.....       98%         1    ##.....
 Summon Small Mammal      Summ           #...         98%         1    ##.....


Dungeon Overview and Level Annotations

Branches:
Dungeon (6/15)             Temple (1/1) D:4

Altars:
Ashenzari
Cheibriados
Dithmenos
Elyvilon
Gozag
Hepliaklqana
Makhleb
Nemelex Xobeh
Okawaru
Ru
Sif Muna
Trog
Wu Jian
Yredelemnul
The Shining One

Shops:
D:5 [!


Innate Abilities, Weirdness & Mutations

You have a pair of antennae on your head.
You have very sharp fingernails.
You have sharp toenails.
You regenerate a little health from kills.


Message History

Unknown command.
The orc warrior hits you from afar with a trident.
A puff of flame appears from out of thin air!
The puff of flame hits you!
A magic dart appears from out of thin air!
The magic dart hits you! The orc warrior completely misses you.
Something hits you. The orc warrior barely misses you.
Something hits you but does no damage. The orc warrior closely misses you.
The orc warrior hits you but does no damage.
You feel less confused. Something hits you but does no damage.
You hear some strange, mumbled words.
A magic dart appears from out of thin air!
The magic dart hits you!
* * * LOW HITPOINT WARNING * * *
You barely miss something. Your kick misses something.
The orc warrior closely misses you. Something hits you!
* * * LOW HITPOINT WARNING * * *
The orc warrior hits you from afar with a trident!
You die...

#...... ....#..
#.......#....#..
#.....#.......#....'.
#.....#......# ....#
#.....#......# ....##
#.....#......# .....#.
#.....#......##.....'.
#.....#.....o{@.....#
#.....#......##.....#
#.....'......# .....#
#.....#......# .....#
#.....#..)...# .....#
#.....#.......'.....#
#.....#......##.....#
#..>..#......#
.....#.)....####
#.....#........ .
.'......#...


You could see an orc warrior.

Vanquished Creatures
  Eustachio (D:6)
  A hungry ghost (D:4)
  2 phantoms (D:4)
  An ogre (D:5)
  3 centaurs
  Blork the orc (D:4)
  A scorpion (D:6)
  A water moccasin skeleton (D:5)
  2 crimson imps (D:6)
  A bullfrog zombie (D:5)
  A quasit (D:6)
  2 centaur skeletons
  3 hounds (D:4)
  An orc priest (D:6)
  An orc wizard (D:4)
  2 bullfrog skeletons
  4 worker ants
  A hound skeleton (D:5)
  A worker ant zombie (D:5)
  7 gnolls
  8 adders
  An ooze (D:1)
  2 adder skeletons
  2 worms (D:2)
  3 dart slugs
  3 leopard geckos
  11 orcs
  2 ball pythons
  4 bats
  5 giant cockroaches
  7 goblins
  5 hobgoblins
  9 jackals
  7 kobolds
  A quokka (D:3)
  3 frilled lizards
  2 leopard gecko skeletons (D:5)
  11 rats
123 creatures vanquished.

Vanquished Creatures (others)
  A quokka (D:5)
1 creature vanquished.

Grand Total: 124 creatures vanquished

Notes
Turn   | Place    | Note
-------+----------+-------------------------------------------
     0 | D:1      | McIrco the Demonspawn Fighter began the quest for the Orb.
     0 | D:1      | Reached XP level 1. HP: 18/18 MP: 1/1
    79 | D:1      | Gained mutation: You have a pair of small antennae on your
                  | head. [demonic ancestry]
    79 | D:1      | Reached XP level 2. HP: 23/24 MP: 2/2
   185 | D:1      | Reached skill level 3 in Shields
   406 | D:1      | Gained mutation: You regenerate a little health from kills.
                  | [demonic ancestry]
   406 | D:1      | Reached XP level 3. HP: 29/29 MP: 3/3
  1273 | D:2      | Reached XP level 4. HP: 31/35 MP: 4/4
  2245 | D:3      | Reached skill level 1 in Dodging
  2433 | D:3      | Found a sacrificial altar of Ru.
  2495 | D:3      | Found a deep blue altar of Sif Muna.
  2960 | D:4      | Gained mutation: You have sharp fingernails. [demonic
                  | ancestry]
  2960 | D:4      | Reached XP level 5. HP: 37/41 MP: 5/5
  2967 | D:4      | Noticed a phantom
  3046 | D:4      | Killed a phantom
  3114 | D:4      | Gained mutation: You have sharp toenails. [demonic
                  | ancestry]
  3114 | D:4      | Reached XP level 6. HP: 34/48 MP: 6/6
  3408 | D:4      | Reached skill level 4 in Shields
  3759 | D:4      | Gained mutation: You have a pair of antennae on your head.
                  | [demonic ancestry]
  3759 | D:4      | Reached XP level 7. HP: 52/53 MP: 7/7
  3780 | D:4      | Found a staircase to the Ecumenical Temple.
  3798 | Temple   | Entered the Ecumenical Temple
  3864 | Temple   | Became a worshipper of Makhleb the Destroyer
  4169 | D:5      | Entered Level 5 of the Dungeon
  4374 | D:5      | Found an iron altar of Okawaru.
  4404 | D:5      | Found Sizive Qeva's Distillery.
  4412 | D:5      | Bought a potion of mutation for 88 gold pieces
  4412 | D:5      | Bought a potion of curing for 33 gold pieces
  4412 | D:5      | Bought a potion of curing for 33 gold pieces
  4419 | D:5      | Noticed a hungry ghost
  4420 | D:5      | Noticed Blork the orc
  4461 | D:4      | Killed Blork the orc
  4489 | D:4      | Killed a hungry ghost
  4489 | D:4      | Gained mutation: You have very sharp fingernails. [demonic
                  | ancestry]
  4489 | D:4      | Reached XP level 8. HP: 26/60 MP: 8/8
  4701 | D:5      | Found an opulent altar of Gozag.
  4701 | D:5      | Found a snail-covered altar of Cheibriados.
  4732 | D:5      | Found Hoixain's Antique Armour Shoppe.
  4790 | D:5      | Reached skill level 5 in Armour
  4829 | D:5      | Reached skill level 5 in Shields
  4848 | D:5      | Reached * piety under Makhleb
  4890 | D:5      | Found a white marble altar of Elyvilon.
  5082 | D:6      | Noticed Eustachio
  5146 | D:6      | Killed Eustachio
  5159 | D:6      | Reached skill level 5 in Long Blades
  5546 | D:6      | Reached skill level 6 in Shields
  5779 | D:6      | Mangled by an orc warrior

Skill      XL: |  1  2  3  4  5  6  7  8 |
---------------+-------------------------+-----
Shields        | 3 4 6 |  6.1
Armour         | 3 4 5 |  5.7
Long Blades    | 2 3 4 5 |  5.1
Dodging        | 1 2 3 |  3.6
Fighting       | 4 |  4.5

Action                   |  1- 3 |  4- 6 |  7- 9 || total
-------------------------+-------+-------+-------++-------
Melee: Long sword        |   127 |   235 |   260 ||   622
       Kick              |       |    26 |    97 ||   123
  Use: Scroll            |       |       |     5 ||     5
  Eat: Chunk             |     1 |     9 |     6 ||    16
       Ration            |       |       |     2 ||     2
Armor: Scale mail        |    88 |   105 |   140 ||   333
Dodge: Dodged            |    44 |    74 |   180 ||   298
Block: Shield            |    74 |   122 |   203 ||   399
       Rpst.: Long sword |    11 |    23 |    41 ||    75
